 Dungeon Crawl Stone Soup version 0.27-a0-1525-g1038ab4fd7 (webtiles) character file.

Game seed: 17535976058131330175

867565 Anon1729 the Cloud Mage (level 27, -10/238 HPs)
             Began as a Barachi Air Elementalist on July 9, 2021.
             Was the Champion of Vehumet.
             Killed from afar by an orb of fire (45 damage)
             ... with a fireball
             ... on level 17 of a ziggurat on July 10, 2021.
             The game lasted 05:42:38 (108498 turns).

Anon1729 the Cloud Mage (BaAE)                    Turns: 108498, Time: 05:42:39

Health: -10/238    AC: 20    Str:  6    XL:     27
Magic:  58/58      EV: 39    Int: 27    God:    Vehumet [******]
Gold:   7405       SH:  5    Dex: 15    Spells: 7/71 levels left

rFire    + . .     SeeInvis +     - Unarmed
rCold    + . .     Faith    .   (shield currently unavailable)
rNeg     + + +     Spirit   .   (armour currently unavailable)
rPois    ∞         Reflect  +   (helmet currently unavailable)
rElec    +         Harm     .   (cloak currently unavailable)
rCorr    +         Rampage  +   (gloves currently unavailable)
Will     +++..     Clarity  +   (boots currently unavailable)
Stlth    +++++++...             P - amulet of Suasacus {Reflect Rampage rN++ MP+9 Str-5 SH+5}
HPRegen  0.49/turn              Y - ring of Ohennaca {rF+ rN+ Will+ Dex-2 Stlth+}
MPRegen  0.36/turn              r - ring of Sunlight {Drain rPois rC+ rCorr SInv}

@: storm-form, in a vortex, unable to drink, blinkbolt cooldown, flying,
studying 4 skills
A: cleaving, flying, no potions, amphibious, (slowness 1), (strong legs 2),
+LOS, agile 2, clarity, (cold resistance 1), (deformed body)
}: 5/15 runes: serpentine, barnacled, slimy, silver, obsidian
a: Blinkbolt, End Transformation, Renounce Religion


You were on level 17 of a ziggurat.
You worshipped Vehumet.
Vehumet was exalted by your worship.
You were a lightning-filled tempest!
You visited 14 branches of the dungeon, and saw 66 of its levels.
You visited 1 bazaar.
You visited 1 ziggurat, and saw 17 of its levels.
You also visited: Ice Cave and Volcano.

You collected 12217 gold pieces.
You spent 4812 gold pieces at shops.

Inventory:

Armour
 a - the +2 cloak "Bynkiwke" (melded) {Int+2}
   (You bought it in a shop in a bazaar)

   Int:       It affects your intelligence (+2).
 b - a +2 pair of gloves of dexterity (melded)
 s - the +3 helmet "Feequrr" {rN+}
   (You found it on level 5 of the Pits of Slime)

   rN:        It protects you from negative energy.
 J - the +0 pair of boots of Goyghir (melded) {Stlth+}
   (You bought it in a shop on level 2 of the Orcish Mines)

   Stlth:     It makes you more stealthy.
 N - the +0 mask of the Dragon {Will+ Slay+3 SInv}
   (You found it on level 5 of the Pits of Slime)

   Slay:      It affects your accuracy & damage with ranged weapons and melee
   (+3).
   SInv:      It lets you see invisible.
   Will:      It increases your willpower.
 S - the +9 scales of the Dragon King {rPois rF+ rC+ Will+}
   (You found it on level 12 of a ziggurat)

   rF:        It protects you from fire.
   rC:        It protects you from cold.
   rPois:     It protects you from poison.
   Will:      It increases your willpower.
 Z - a +2 robe of the Archmagi (melded)
Magical Staves
 e - a staff of air (melded)
Jewellery
 r - the ring of Sunlight (right hand) {Drain rPois rC+ rCorr SInv}
   (You found it on level 5 of the Vaults)

   [ring of see invisible]

   rC:        It protects you from cold.
   rPois:     It protects you from poison.
   SInv:      It lets you see invisible.
   rCorr:     It protects you from acid and corrosion.
   Drain:     It drains your maximum health when unequipped.
 y - the amulet "Iskuileg" {Reflect Fly Dex+4 SH+5}
   (You found it in an ice cave)

   [amulet of reflection]

   It reflects blocked missile attacks.
   Dex:       It affects your dexterity (+4).
   Fly:       It grants you flight.
   SH:        It affects your SH (+5).
 E - the ring "Ytept" {Fly rC+ AC+4 Int+3}
   (You bought it in a shop in a bazaar)

   [ring of protection]

   AC:        It affects your AC (+4).
   Int:       It affects your intelligence (+3).
   rC:        It protects you from cold.
   Fly:       It grants you flight.
 H - the ring of Ytuas {rCorr Str+6 Int+4 Stlth-}
   (You found it on level 5 of the Vaults)

   [ring of resist corrosion]

   Str:       It affects your strength (+6).
   Int:       It affects your intelligence (+4).
   rCorr:     It protects you from acid and corrosion.
   Stlth:     It makes you less stealthy.
 O - the ring of the Skies Above {rF+ MP+9}
   (You found it on level 10 of the Dungeon)

   [ring of magical power]

   rF:        It protects you from fire.
   MP:        It affects your magic capacity (+9).
 P - the amulet of Suasacus (around neck) {Reflect Rampage rN++ MP+9 Str-5 SH+5}
   (You found it on level 13 of the Dungeon)

   [amulet of reflection]

   It reflects blocked missile attacks.
   Str:       It affects your strength (-5).
   rN:        It greatly protects you from negative energy.
   MP:        It affects your magic capacity (+9).
   SH:        It affects your SH (+5).
   Rampage:   It bestows one free step when moving towards enemies.
 X - the ring of Shadows {Umbra +Inv Stlth+}
   (You found it on level 9 of a ziggurat)

   [ring of stealth]

   It surrounds you with an aura of darkness.
   +Inv:      It lets you turn invisible.
   Stlth:     It makes you more stealthy.
 Y - the ring of Ohennaca (left hand) {rF+ rN+ Will+ Dex-2 Stlth+}
   (You found it in an ice cave)

   [ring of positive energy]

   Dex:       It affects your dexterity (-2).
   rF:        It protects you from fire.
   rN:        It protects you from negative energy.
   Will:      It increases your willpower.
   Stlth:     It makes you more stealthy.
Wands
 A - a wand of polymorph (26)
 D - a wand of iceblast (16)
 Q - a wand of paralysis (13)
 T - a wand of acid (38)
 U - a wand of charming (33)
Scrolls
 f - 15 scrolls of fear
 i - 12 scrolls of enchant armour
 m - 9 scrolls of vulnerability
 t - 13 scrolls of amnesia
 u - 5 scrolls of silence
 C - 23 scrolls of teleportation
 F - 10 scrolls of immolation
 G - 8 scrolls of magic mapping
 I - 16 scrolls of fog
 K - 6 scrolls of holy word
 L - 16 scrolls of enchant weapon
 V - a scroll of summoning
Potions
 d - 12 potions of attraction
 g - 7 potions of heal wounds
 j - 6 potions of lignification
 k - 24 potions of curing
 n - 5 potions of magic
 o - 8 potions of brilliance
 p - 9 potions of might
 q - 12 potions of cancellation
 v - 6 potions of mutation
 w - 11 potions of berserk rage
 x - 15 potions of haste
 z - 6 potions of resistance
 B - 15 potions of flight
 M - 2 potions of ambrosia
 W - 5 potions of invisibility
Miscellaneous
 c - a condenser vane
 h - a tin of tremorstones (2/2)
 l - a box of beasts


   Skills:
 + Level 24.3 Fighting
 - Level 5.0 Staves
 - Level 2.0 Armour
 + Level 21.2 Dodging
 + Level 17.0 Stealth
 + Level 21.7 Unarmed Combat
 + Level 22.8 Spellcasting
 - Level 17.7 Conjurations
 + Level 5.4 Necromancy
 + Level 21.1 Transmutations
 - Level 23.0 Ice Magic
 - Level 24.6 Air Magic
 + Level 11.5 Evocations


You had 7 spell levels left.
You knew the following spells:

 Your Spells              Type           Power      Damage    Failure   Level
a - Storm Form            Tmut/Air       50%        N/A       1%          7
b - Static Discharge      Conj/Air       98%        N/A       0%          2
c - Swiftness             Air            100%       N/A       0%          3
d - Airstrike             Air            52%        N/A       0%          4
e - Freezing Cloud        Conj/Ice/Air   49%        6-21      0%          5
f - Lightning Bolt        Conj/Air       49%        1d69      0%          5
g - Maxwell's Capacitive  Air            52%        ∞         1%          8
h - Ozocubu's Armour      Ice            100%       N/A       0%          3
i - Conjure Ball Lightni  Conj/Air       49%        3x3d17    1%          6
j - Ozocubu's Refrigerat  Ice            50%        4d15      1%          7
k - Polar Vortex          Ice            50%        N/A       2%          9
l - Silence               Hex/Air        38%        N/A       1%          5

Your spell library contained the following spells:

 Spells                   Type           Power      Damage    Failure   Level
 Lehudib's Crystal Spear  Conj/Erth      34%        10d9      45%         8
 Fire Storm               Conj/Fire      34%        8d9       99%         9
 Beastly Appendage        Tmut           100%       N/A       0%          1
 Freeze                   Ice            100%       1d11      0%          1
 Magic Dart               Conj           100%       1d8       0%          1
 Shock                    Conj/Air       100%       1d9       0%          1
 Sting                    Tmut/Pois      100%       1d8       0%          1
 Corpse Rot               Necr/Air       N/A        N/A       0%          2
 Ensorcelled Hibernation  Hex/Ice        100%       N/A       0%          2
 Poisonous Vapours        Pois/Air       100%       N/A       0%          2
 Wereblood                Tmut           98%        N/A       0%          2
 Frozen Ramparts          Ice            100%       1d12      0%          3
 Mephitic Cloud           Conj/Pois/Air  82%        N/A       0%          3
 Hailstorm                Conj/Ice       96%        3d19      0%          4
 Ice Form                 Ice/Tmut       100%       N/A       0%          4
 Blade Hands              Tmut           49%        N/A       0%          5
 Irradiate                Conj/Tmut      47%        3d29      0%          5
 Iskenderun's Battlesphe  Conj           90%        2d14      0%          5
 Animate Skeleton         Necr           100%       N/A       1%          1
 Apportation              Tloc           60%        N/A       1%          1
 Corona                   Hex            33%        N/A       1%          1
 Foxfire                  Conj/Fire      100%       2x1d9     1%          1
 Pain                     Necr           100%       1d9       1%          1
 Sandblast                Erth           60%        2d14      1%          1
 Summon Small Mammal      Summ           100%       N/A       1%          1
 Blink                    Tloc           N/A        N/A       1%          2
 Call Imp                 Summ           30%        N/A       1%          2
 Passwall                 Tmut/Erth      60%        N/A       1%          2
 Slow                     Hex            30%        N/A       1%          2
 Sublimation of Blood     Necr           28%        N/A       1%          2
 Dazzling Flash           Conj/Hex       100%       N/A       1%          3
 Ignite Poison            Fire/Tmut/Pois 62%        N/A       1%          3
 Inner Flame              Hex/Fire       30%        N/A       1%          3
 Spider Form              Tmut/Pois      36%        N/A       1%          3
 Stone Arrow              Conj/Erth      100%       3d13      1%          3
 Vampiric Draining        Necr           28%        2d10      1%          3
 Animate Dead             Necr           28%        N/A       1%          4
 Dispel Undead            Necr           56%        3d20      1%          4
 Fulminant Prism          Conj/Hex       34%        3d16      1%          4
 Iskenderun's Mystic Bla  Conj/Tloc      68%        2d14      1%          4
 Petrify                  Tmut/Erth      73%        N/A       1%          4
 Sticky Flame             Conj/Fire      68%        2d8       1%          4
 Summon Ice Beast         Ice/Summ       75%        N/A       1%          4
 Summon Lightning Spire   Summ/Air       77%        N/A       1%          4
 Alistair's Intoxication  Tmut/Pois      48%        N/A       1%          5
 Bolt of Magma            Conj/Fire/Erth 29%        4d13      1%          5
 Fireball                 Conj/Fire      34%        3d14      1%          5
 Metabolic Englaciation   Hex/Ice        37%        N/A       1%          5
 Yara's Violent Unravell  Hex/Tmut       36%        3d15      1%          5
 Eringya's Noxious Bog    Tmut/Pois      36%        N/A       1%          6
 Iron Shot                Conj/Erth      34%        9d7       1%          6
 Simulacrum               Ice/Necr       41%        N/A       1%          6
 Starburst                Conj/Fire      34%        8x6d10    1%          6
 Dragon Form              Tmut           49%        N/A       1%          7
 Orb of Destruction       Conj           45%        9d15      1%          7
 Statue Form              Tmut/Erth      48%        N/A       2%          6
 Call Canine Familiar     Summ           30%        N/A       3%          3
 Confusing Touch          Hex            30%        N/A       3%          3
 Gell's Gravitas          Tloc           15%        N/A       3%          3
 Lesser Beckoning         Tloc           15%        N/A       3%          3
 Portal Projectile        Hex/Tloc       60%        N/A       3%          3
 Summon Guardian Golem    Hex/Summ       30%        N/A       3%          3
 Teleport Other           Tloc           30%        N/A       3%          3
 Tukima's Dance           Hex            30%        N/A       3%          3
 Olgreb's Toxic Radiance  Pois           30%        N/A       3%          4
 Agony                    Necr           56%        N/A       3%          5
 Excruciating Wounds      Necr           28%        N/A       3%          5
 Lee's Rapid Deconstruct  Erth           15%        3d11*     9%          5
 Borgnjor's Vile Clutch   Necr/Erth      22%        N/A       11%         5
 Animate Armour           Summ/Erth      60%        N/A       12%         4
 Cause Fear               Hex            15%        N/A       12%         4
 Leda's Liquefaction      Hex/Erth       15%        N/A       12%         4
 Passage of Golubria      Tloc           N/A        N/A       12%         4
 Death Channel            Necr           28%        N/A       19%         6
 Manifold Assault         Tloc           30%        N/A       32%         5
 Summon Forest            Summ/Tloc      15%        N/A       32%         5
 Summon Mana Viper        Hex/Summ       30%        N/A       32%         5
 Invisibility             Hex            15%        N/A       87%         6
 Shadow Creatures         Summ           N/A        N/A       87%         6
 Malign Gateway           Summ/Tloc      15%        N/A       100%        7
 Monstrous Menagerie      Summ           15%        N/A       100%        7
 Summon Hydra             Summ           15%        N/A       100%        7
 Necromutation            Tmut/Necr      40%        N/A       32%         8
 Borgnjor's Revivificati  Necr           28%        N/A       100%        8
 Discord                  Hex            15%        N/A       100%        8
 Disjunction              Tloc           15%        N/A       100%        8
 Ignition                 Fire           15%        3d6       100%        8
 Infestation              Necr           28%        N/A       100%        8
 Summon Horrible Things   Summ           15%        N/A       100%        8
 Death's Door             Necr           28%        N/A       100%        9
 Dragon's Call            Summ           15%        N/A       100%        9
 Shatter                  Erth           15%        3d15*     100%        9


Dungeon Overview and Level Annotations

Branches:
Dungeon (15/15)            Temple (1/1) D:4            Lair (6/6) D:11
 Shoals (4/4) Lair:2        Snake (4/4) Lair:4        Slime (5/5) Lair:5
    Orc (2/2) D:10            Elf (3/3) Orc:2        Vaults (5/5) D:13
  Crypt (3/3) Vaults:2       Tomb (0/3) Crypt:3      Depths (5/5) D:15
   Hell (visited)             Dis (0/7) Hell            Geh (7/7) Hell
    Coc (0/7) Hell            Tar (0/7) Hell            Zot (5/5) Depths:5
  IceCv (visited)         Volcano (visited)

Altars:
Ashenzari
Cheibriados
Dithmenos
Elyvilon
Fedhas
Gozag
Hepliaklqana
Kikubaaqudgha
Makhleb
Nemelex Xobeh
Okawaru
Qazlal
Ru
Sif Muna
Trog
Uskayaw
Vehumet
Wu Jian
Xom
Yredelemnul
Zin
The Shining One
Beogh
Jiyva

Shops:
D:5 !   D:7 ?   D:15 !   Orc:2 *(:!   Elf:2 =   Shoals:1 (*[*   Snake:1 :
Vaults:1 *   Vaults:5 =   Depths:4 :

Portals:
Hell: Depths:1 Depths:2 Depths:3 Depths:4 Depths:5
Abyss: Depths:1 Depths:4 Depths:5
Pandemonium: Depths:1 Depths:3 Depths:4 Depths:5

Annotations:
D:8 3 runed translucent doors, funkygono's ghost, novice GnFi
D:15 Nessos
Shoals:2 Roxanne
Geh:7 Asmodeus


Innate Abilities, Weirdness & Mutations

You are a lightning-filled tempest!
Your stormy fists strike out in all directions at once.
You are incredibly evasive.
You are flying.
You are immune to poison.
Your armour is entirely melded.
You are incapable of wielding weapons or throwing items.
You cannot drink.
You are amphibious.
((You cover ground slowly.))
((You can hop long distances.))
You have an extended range of vision and can be seen from far away.
You are very agile. (Dex +4)
You possess an exceptional clarity of mind.
((Your flesh is cold resistant. (rC+)))
((Armour fits poorly on your strangely shaped body.))


Message History

The fire dragon resists.
The orb of fire glows deep purple.
The fireball explodes!
The fireball engulfs you!! You resist.
The fireball engulfs the orb of fire.
The orb of fire completely resists.
The fireball engulfs the orb of fire.
The orb of fire completely resists.
The fireball engulfs the fire giant!
The fire giant resists.
The fire giant dies!
The fire giant is engulfed in blazing flames.
The fire dragon breathes flames at you.
The blast of flame hits the fire dragon.
The fire dragon resists.
The blast of flame hits you!! You resist.
* * * LOW HITPOINT WARNING * * *
The blast of flame hits the orb of fire.
The orb of fire completely resists.
Your Stealth skill increases to level 17!
Blink to where?
Press: ? - help, Dir - move target, p - orb of fire
As you read the scroll of blinking, it crumbles to dust.
You kill the balrug!
Vehumet accepts your kill.
The orb of fire glows deep purple.
The fireball explodes!
The fireball engulfs you!! You resist.
* * * LOW HITPOINT WARNING * * *
The fire dragon is engulfed in blazing flames.
The fire dragon breathes flames at you.
The blast of flame hits the fire dragon!
The fire dragon resists.
The blast of flame hits you. You resist.
* * * LOW HITPOINT WARNING * * *
Found a staff of poison.
You kill the fire dragon!
Vehumet accepts your kill.
You kill the fire dragon!
Vehumet accepts your kill.
The fire dragon scales are intact enough to wear.
The fire dragon breathes flames at you.
The blast of flame hits the fire giant!
The fire giant resists.
The blast of flame misses you.
The orb of fire glows red.
The fireball explodes!
The fireball engulfs you!!! You resist.
You die...

▓▓▓▓▓▓▓▓▓▓▓▓
.....○.....▓▓
............▓▓
...........§.▓▓
.....○......§°▓▓
.....○*†§.t.§§§▓▓
.....○.)†.t.§§§§▓▓
......*.§..*§§§§§▓▓
.......†.**§*§§§v§▓
.........*.§DD§§C▓▓
........§§.§§§§D▓▓
.......°...D§°°▓▓
...........§§§▓▓
...........§.▓▓
............▓▓
...........▓▓
▓▓▓▓▓▓▓▓▓▓▓


You could see 5 orbs of fire, a fire giant, 4 fire dragons and 2 fire crabs.

Vanquished Creatures
  the Royal Jelly (Slime:5)
  The ghost of Zycouta the Cloud Mage, a legendary DrTm of Cheibriados (Zig:14)
  7 dread liches
  The ghost of Riogip the Archmage, a legendary DEFE of Vehumet (Zig:14)
  6 ancient liches
  4 orbs of fire
  Mennas (Crypt:1)
  Mara (Vaults:5)
  A pandemonium lord (Zig:1)
  5 Killer Klowns
  4 shard shrikes (Zig:13)
  Frederick (Crypt:3)
  Margery (Depths:3)
  A caustic shrike (Depths:3)
  Xtahua (Vaults:5)
  Saint Roka (Vaults:1)
  6 curse toes
  Geryon (Hell)
  11 golden dragons
  Nikola (Snake:2)
  4 bone dragons
  Jory (Crypt:2)
  2 electric golems (Zot:5)
  4 iron giants
  16 Brimstone Fiends
  Jorgrun (Shoals:1)
  3 Ice Fiends
  The ghost of Feicog the Hoplite, an adept MiBe of Trog (Shoals:3)
  Asterion (Vaults:1)
  12 liches
  7 quicksilver dragons
  25 Orb Guardians
  22 tentacled monstrosities
  3 deep elf blademasters
  A deep elf master archer (Elf:3)
  14 acid blobs
  5 titans
  14 ancient champions
  4 sphinxes
  14 shadow dragons
  2 tentacled starspawn (Zig:10)
  10 death cobs
  Agnes (D:15)
  Kirke (Lair:4)
  Donald (Vaults:4)
  9 tengu reavers
  15 storm dragons
  12 azure jellies
  7 revenants
  4 draconian monks (Zot:3)
  7 rockslimes
  8 nagarajas
  3 draconian knights
  2 draconian scorchers (Zot:4)
  16 vault wardens
  3 deep elf sorcerers
  17 fire giants
  4 orc warlords
  4 draconian shifters
  6 curse skulls
  6 spectral caustic shrikes (Depths:4)
  19 frost giants
  8 ghost moths
  5 iron dragons
  2 emperor scorpions (Zig:16)
  6 draconian annihilators
  A cacodemon (Hell)
  A draconian stormcaller (Depths:5)
  18 balrugs
  Aizul (Vaults:1)
  A ghoul (Zig:11)
  4 deep elf elementalists (Elf:3)
  A spriggan defender (Depths:2)
  14 reapers
  26 ironbound preservers
  18 quicksilver oozes
  22 very ugly things
  4 war gargoyles
  8 green draconians
  2 black suns (Zig:14)
  4 deep elf demonologists
  A corrupter (Zig:10)
  8 vampire knights
  21 stone giants
  8 black draconians
  23 spark wasps
  6 red draconians
  6 entropy weavers
  7 yellow draconians
  8 deep elf annihilators (Elf:3)
  3 white draconians
  A dire elephant (shapeshifter) (Vaults:5)
  2 lorocyprocas (Hell)
  7 dire elephants
  4 purple draconians
  7 eidola
  5 merfolk javelineers
  5 deep elf death magi
  12 merfolk impalers
  8 blizzard demons
  12 ettins
  Josephine (D:14)
  9 ironbound thunderhulks
  3 jiangshi
  17 fire dragons
  17 great orbs of eyes
  5 deep elf high priests
  15 naga warriors
  4 rakshasas
  Fannar (D:10)
  22 yaktaur captains
  14 ice dragons
  2 salamander tyrants
  20 hydras
  3 merfolk avatars
  A quicksilver dragon skeleton (Geh:7)
  32 vault guards
  2 peacekeepers (Vaults:4)
  2 ghost crabs (Zig:14)
  A death knight (D:13)
  A hell beast (Depths:2)
  7 ironbound frosthearts
  5 boulder beetles
  A spriggan air mage (Depths:5)
  A monstrous demonspawn (Depths:3)
  10 anacondas
  Erica (Lair:2)
  An alligator snapping turtle (Shoals:2)
  6 tengu warriors
  21 dancing weapons
  4 catoblepae
  30 centaur warriors
  6 deep troll earth magi
  10 deep troll shamans
  2 satyrs
  4 merfolk aquamancers
  7 ogre magi
  4 titan zombies
  21 hell hogs
  27 two-headed ogres
  The ghost of RogueFanUK the Destroyer, a novice DgCj (D:10)
  3 death yaks (Lair:6)
  4 vampire magi
  6 shock serpents
  6 ironbound beastmasters
  16 naga sharpshooters
  4 iron golems
  A thrashing horror (Zig:10)
  2 orc high priests
  17 sun demons
  31 hell knights
  3 spriggan berserkers
  Sonja (Lair:1)
  10 deep elf knights
  A titan skeleton (Zig:15)
  4 fire crabs
  A wretched star (Zig:10)
  6 iron trolls
  52 skeletal warriors
  10 soul eaters
  4 storm dragon zombies
  A spark wasp zombie (Zig:15)
  4 shadow wraiths
  A fire crab (shapeshifter) (Depths:3)
  6 salamander mystics
  A shadow demon (Depths:3)
  A sixfirhy (Hell)
  A swamp dragon (Zig:8)
  68 deep trolls
  5 anaconda zombies
  17 sea snakes
  2 starcursed masses (Zig:10)
  17 naga ritualists
  2 ghost moth zombies
  3 glowing orange brains
  3 golden dragon zombies
  8 lindwurms
  16 flayed ghosts
  A swamp dragon (shapeshifter) (Vaults:2)
  3 shadow dragon zombies
  An orange crystal statue (IceCv)
  22 ironbound convokers
  14 deep elf archers
  2 golden dragon skeletons
  15 deep elf zephyrmancers
  2 anaconda skeletons
  17 phantasmal warriors
  4 stone giant zombies
  3 wolf spider zombies
  16 mana vipers
  19 necromancers
  24 deep elf pyromancers
  16 fauns
  An orb spider (shapeshifter) (D:14)
  11 orc knights
  2 tengu skeletons
  6 wizards
  2 orb spiders (Zig:16)
  5 wolf spiders (Zig:16)
  21 harpies
  2 iron dragon zombies
  39 ugly things
  3 oklob plants
  3 fire giant zombies
  A sphinx skeleton (Vaults:2)
  A frost giant zombie (Zig:15)
  4 orc sorcerers
  32 moths of wrath
  20 manticores
  5 shining eyes
  18 salamanders
  6 large abominations (Zig:10)
  14 cyclopes
  A sphinx zombie (Vaults:1)
  3 shadow dragon skeletons
  3 iron dragon skeletons
  7 frost giant skeletons
  88 slime creatures
  An eleionoma skeleton (Crypt:3)
  5 eyes of devastation
  66 black mambas
  9 merfolk sirens
  7 stone giant skeletons
  An apocalypse crab (Zig:10)
  5 guardian serpents
  25 vault sentinels
  23 elephants
  8 rust devils
  19 smoke demons
  3 yaktaur zombies
  A spectral sea snake (Shoals:3)
  7 gargoyles
  22 naga magi
  9 water nymphs
  5 molten gargoyles
  6 storm dragon simulacra (IceCv)
  4 shock serpent skeletons
  2 catoblepas zombies
  3 torpor snails (Zig:16)
  15 cane toads
  A pale draconian zombie (Crypt:2)
  2 orange demons
  11 hellions
  A cane toad (shapeshifter) (D:14)
  11 komodo dragons
  2 unseen horrors
  A green draconian zombie (Crypt:3)
  An unseen horror (shapeshifter) (D:15)
  6 rime drakes
  9 efreet
  25 yaktaurs
  5 golden dragon simulacra (IceCv)
  A dire elephant skeleton (Crypt:3)
  4 freezing wraiths
  2 yellow draconian skeletons (Crypt:1)
  5 demonic crawlers
  A spectral water nymph (Shoals:3)
  34 merfolk
  9 tormentors
  An anaconda simulacrum (Hell)
  A spectral merfolk (Shoals:3)
  A tengu conjurer (Depths:3)
  An elf skeleton (Zig:15)
  10 ice devils
  A red draconian skeleton (Crypt:3)
  A wind drake (shapeshifter) (Depths:3)
  23 red devils
  A green draconian skeleton (Crypt:3)
  A meliai (shapeshifter) (D:15)
  8 meliai
  4 jumping spiders (Zig:16)
  4 polar bears
  A queen bee (shapeshifter) (Zig:10)
  A hydra zombie (Geh:7)
  15 dream sheep
  11 trolls
  3 hornets
  4 blink frogs (Lair:6)
  A deep troll zombie (Zig:3)
  2 hydra skeletons
  2 ettin zombies
  2 fire dragon zombies
  A stone giant simulacrum (Vaults:3)
  3 harpy skeletons
  8 wind drakes
  A frost giant simulacrum (Vaults:1)
  16 snapping turtles
  3 ice dragon zombies
  An iron dragon simulacrum (Crypt:3)
  2 alligator zombies
  3 tarantellas
  6 ynoxinuls (Depths:4)
  6 redbacks
  2 air elementals
  38 flying skulls
  A fire dragon skeleton (Crypt:3)
  4 shadows
  A tarantella (shapeshifter) (Elf:3)
  5 ettin skeletons
  49 yaks
  3 alligator skeletons
  4 spriggans (D:10)
  4 ice dragon skeletons
  17 wraiths
  8 wyverns
  12 water elementals
  20 fire elementals
  A black mamba skeleton (Crypt:3)
  11 golden eyes
  3 basilisks
  An elf zombie (Zig:15)
  A steam dragon (Zig:8)
  2 sea snake simulacra
  13 vampire mosquitoes
  7 acid dragons
  21 water moccasins
  A human zombie (Zig:15)
  5 wargs
  55 nagas
  A hydra simulacrum (Crypt:3)
  A cane toad zombie (Geh:5)
  3 ice beasts
  A floating eye (Depths:3)
  31 orc warriors
  An ogre skeleton (Vaults:3)
  A cane toad skeleton (Geh:6)
  An ettin simulacrum (Vaults:3)
  A black bear (shapeshifter) (D:13)
  6 black bears
  51 hell hounds
  A swamp dragon zombie (Geh:7)
  5 ice dragon simulacra (IceCv)
  17 wolves
  11 centaurs
  30 ogres
  7 necrophages
  2 snapping turtle skeletons
  A wind drake simulacrum (Shoals:3)
  A manticore skeleton (Crypt:1)
  3 phantoms
  A palentonga zombie (Crypt:2)
  14 bullfrogs
  3 earth elementals
  4 kobold brigands
  A wyvern zombie (D:8)
  5 scorpions
  4 human skeletons
  2 merfolk simulacra (Shoals:3)
  A water nymph simulacrum (Shoals:3)
  A water moccasin skeleton (Crypt:2)
  5 lindwurm simulacra (IceCv)
  A manticore simulacrum (Shoals:3)
  25 wights
  A warg skeleton (Crypt:2)
  7 killer bees
  2 spriggan skeletons
  9 howler monkeys
  A troll skeleton (Volcano)
  2 electric eels
  A lava snake (D:13)
  A bullfrog zombie (D:5)
  2 jellies
  2 crimson imps
  5 centaur zombies
  10 orc priests
  2 hounds
  A bullfrog skeleton (D:6)
  3 centaur skeletons
  2 gnoll shamans
  3 iguanas
  An iron imp (Zig:6)
  Terence (D:2)
  24 orc wizards
  Natasha (thrice) (D:2)
  A killer bee zombie (D:8)
  A naga zombie (Geh:7)
  A tengu zombie (Geh:7)
  A demigod zombie (Crypt:3)
  2 naga skeletons
  A hound skeleton (D:4)
  2 howler monkey zombies (D:9)
  A howler monkey skeleton (D:6)
  A swamp drake zombie (Crypt:1)
  3 adders
  17 gnolls
  2 white imps (D:6)
  2 ufetubi
  An adder skeleton (D:4)
  A halfling zombie (Crypt:2)
  An iguana zombie (Crypt:3)
  A lava snake skeleton (Crypt:1)
  2 dart slugs
  62 orcs
  5 bats
  6 endoplasms
  4 giant cockroaches (D:1)
  10 goblins
  6 hobgoblins
  3 quokkas (D:4)
  4 ball pythons
  A ball python zombie (Crypt:1)
  5 frilled lizards
  22 kobolds
  A kobold skeleton (Geh:7)
  An orc zombie (Geh:7)
  6 rats
  33 ball lightnings
  9 fire vortices (Geh:7)
  4 starspawn tentacles (Zig:10)
3167 creatures vanquished.

Vanquished Creatures (others)
  A fire giant (Zig:17)
  A deep elf death mage (Crypt:2)
  A blizzard demon (Depths:3)
  A golden dragon skeleton (Geh:7)
  A necromancer (Depths:3)
  A rime drake (Zig:8)
  A flying skull (Volcano)
  A spectral wind drake (Shoals:3)
  A shadow (Geh:4)
  A water moccasin (Lair:4)
  4 humans
  A wight (Geh:1)
  277 ball lightnings
  93 fungi
  272 plants
  A starspawn tentacle (Zig:10)
658 creatures vanquished.

Grand Total: 3825 creatures vanquished

Notes
Turn   | Place    | Note
-------+----------+-------------------------------------------
     0 | D:1      | Anon1729 the Barachi Air Elementalist began the quest for
                  | the Orb.
     0 | D:1      | Reached XP level 1. HP: 13/13 MP: 3/3
   354 | D:1      | Reached XP level 2. HP: 9/19 MP: 3/5
   946 | D:1      | Reached XP level 3. HP: 14/24 MP: 6/6
  1728 | D:1      | Learned a level 2 spell: Static Discharge
  1732 | D:1      | Learned a level 3 spell: Swiftness
  2125 | D:2      | Reached XP level 4. HP: 26/30 MP: 4/8
  2276 | D:2      | Found a runed translucent door.
  2277 | D:2      | Noticed Crazy Yiuf
  2436 | D:2      | Noticed Natasha
  2447 | D:2      | Killed Natasha
  2539 | D:2      | Noticed Natasha
  2545 | D:2      | Killed Natasha
  2546 | D:2      | Reached XP level 5. HP: 20/35 MP: 9/9
  2671 | D:2      | Noticed Terence
  2989 | D:2      | Killed Terence
  3099 | D:2      | Noticed Natasha
  3103 | D:2      | Killed Natasha
  3174 | D:2      | Noticed Crazy Yiuf
  3174 | D:2      | Crazy Yiuf changed into Crazy Yiuf the howler monkey
  3179 | D:2      | Killed Crazy Yiuf the howler monkey
  3180 | D:2      | Reached skill level 5 in Air Magic
  3439 | D:3      | Reached XP level 6. HP: 37/41 MP: 10/10
  3973 | D:3      | Found a faded altar of an unknown god.
  3997 | D:3      | Found a glowing silver altar of Zin.
  4517 | D:4      | Found a broken altar of Ashenzari.
  4605 | D:4      | Learned a level 4 spell: Airstrike
  4879 | D:4      | Reached XP level 7. HP: 43/46 MP: 12/12
  4901 | D:4      | Found a staircase to the Ecumenical Temple.
  4927 | Temple   | Entered the Ecumenical Temple
  5184 | Temple   | Became a worshipper of Vehumet
  5317 | D:4      | Reached skill level 5 in Conjurations
  5484 | D:5      | Entered Level 5 of the Dungeon
  6244 | D:5      | Reached XP level 8. HP: 9/52 MP: 1/14
  6854 | D:5      | Found Tuabboikua's Distillery.
  6955 | D:5      | Bought a potion of degeneration for 12 gold pieces
  7215 | D:5      | Learned a level 5 spell: Freezing Cloud
  7488 | D:6      | Reached skill level 1 in Ice Magic
  7689 | D:6      | Reached skill level 5 in Spellcasting
  8171 | D:6      | Found a shimmering altar of Xom.
  8177 | D:6      | Found an ancient bone altar of Kikubaaqudgha.
  8412 | D:6      | Reached XP level 9. HP: 39/57 MP: 4/16
  9595 | D:6      | Reached * piety under Vehumet
  9595 | D:6      | Offered knowledge of Foxfire by Vehumet.
 10870 | D:7      | Found Pudexeuf's Magic Scroll Shoppe.
 10893 | D:7      | Bought a scroll of fear for 38 gold pieces
 10893 | D:7      | Bought a scroll of teleportation for 33 gold pieces
 10893 | D:7      | Bought a scroll of enchant weapon for 82 gold pieces
 10893 | D:7      | Bought a scroll of identify for 22 gold pieces
 10893 | D:7      | Bought a scroll of immolation for 38 gold pieces
 11319 | D:8      | Found a runed translucent gate.
 11320 | D:8      | Found a runed translucent gate.
 11371 | D:8      | Found a runed translucent gate.
 11378 | D:8      | Reached XP level 10. HP: 60/63 MP: 11/19
 11428 | D:8      | Noticed funkygono's ghost (novice GnFi)
 11469 | D:8      | Reached skill level 1 in Staves
 11471 | D:8      | Reached skill level 1 in Evocations
 11476 | D:8      | Reached skill level 10 in Air Magic
 12162 | D:8      | Reached skill level 5 in Ice Magic
 13490 | D:9      | Identified the +6 buckler "Fuuw Kob" {-Cast rPois Regen+
                  | Str+7}
 13578 | D:9      | Reached ** piety under Vehumet
 13707 | D:9      | Offered knowledge of Freeze by Vehumet.
 14292 | D:9      | Reached skill level 10 in Conjurations
 15980 | D:10     | Entered Level 10 of the Dungeon
 15985 | D:10     | Reached XP level 11. HP: 65/68 MP: 10/21
 15988 | D:10     | Offered knowledge of Inner Flame by Vehumet.
 16297 | D:10     | Found a staircase to the Orcish Mines.
 16316 | D:10     | Identified the ring of the Skies Above {rF+ MP+9}
 16383 | D:10     | Found a burning altar of Makhleb.
 16383 | D:10     | Noticed Fannar
 16389 | D:10     | Killed Fannar
 16572 | D:10     | Noticed a spriggan rider
 16575 | D:10     | Noticed RogueFanUK's ghost (novice DgCj)
 16575 | D:10     | Identified the +6 spear of Oenomania {vorpal, rF- Str+4
                  | Int+3}
 16576 | D:10     | Found a runed translucent door.
 16610 | D:10     | Noticed a centaur warrior
 16622 | D:10     | Killed a centaur warrior
 16930 | D:10     | Found a hazy altar of Hepliaklqana.
 17329 | D:10     | Found an ornate altar of the Wu Jian Council.
 17338 | D:10     | Found a glowing golden altar of the Shining One.
 17554 | D:11     | Identified the +6 mace of Pekhide {vorpal, rElec MP+9
                  | Dex+2}
 17870 | D:11     | Found a staircase to the Lair.
 17870 | D:11     | Noticed a cyclops
 17889 | D:11     | Killed a cyclops
 17939 | D:11     | Reached *** piety under Vehumet
 17952 | D:11     | Noticed a two-headed ogre
 17998 | D:11     | HP: 1/68 [gargoyle/stone arrow (13)]
 18008 | D:11     | Killed a two-headed ogre
 18010 | D:11     | Reached XP level 12. HP: 15/74 MP: 24/24
 18329 | D:11     | Reached skill level 1 in Fighting
 18712 | Lair:1   | Entered Level 1 of the Lair of Beasts
 18735 | Lair:1   | Noticed Sonja
 18738 | Lair:1   | Killed Sonja
 18802 | Lair:1   | Offered knowledge of Sticky Flame by Vehumet.
 19969 | Lair:2   | Noticed Erica
 19983 | Lair:2   | Killed Erica
 20070 | Lair:2   | Noticed a seven-headed hydra
 20076 | Lair:2   | Killed a seven-headed hydra
 20308 | Lair:2   | Found a staircase to the Shoals.
 20476 | Lair:2   | Reached **** piety under Vehumet
 20785 | Lair:2   | Noticed a six-headed hydra
 20789 | Lair:2   | Killed a six-headed hydra
 20790 | Lair:2   | Gained mutation: You can hop long distances. [Barachi
                  | growth]
 20790 | Lair:2   | Reached XP level 13. HP: 88/88 MP: 18/26
 20959 | Lair:2   | Reached skill level 5 in Dodging
 20961 | Lair:2   | Offered knowledge of Lightning Bolt by Vehumet.
 20968 | Lair:2   | Learned a level 5 spell: Lightning Bolt
 22234 | Lair:4   | Reached skill level 5 in Fighting
 22320 | Lair:4   | Found a dark tunnel.
 22439 | Volcano  | Entered a volcano
 22722 | Volcano  | Reached skill level 1 in Armour
 23607 | Lair:4   | Found a staircase to the Snake Pit.
 23947 | Lair:4   | Noticed Kirke
 23953 | Lair:4   | Killed Kirke
 23954 | Lair:4   | Reached skill level 10 in Ice Magic
 24647 | Lair:4   | Reached XP level 14. HP: 62/100 MP: 27/27
 24648 | Lair:4   | Reached ***** piety under Vehumet
 24651 | Lair:4   | Offered knowledge of Hailstorm by Vehumet.
 24657 | Lair:4   | Learned a level 4 spell: Hailstorm
 26619 | Lair:5   | Reached skill level 10 in Spellcasting
 27257 | Lair:5   | You fall into a shaft and drop 1 floor!
 27257 | Lair:6   | Entered Level 6 of the Lair of Beasts
 27784 | Lair:6   | Reached skill level 15 in Air Magic
 29056 | Lair:6   | Got the Almanac of the Ancient Prophets
 30671 | Lair:5   | Found a staircase to the Slime Pits.
 30675 | Lair:5   | Found a viscous altar of Jiyva.
 31283 | Orc:1    | Entered Level 1 of the Orcish Mines
 31313 | Orc:1    | Reached XP level 15. HP: 110/110 MP: 27/29
 31389 | Orc:1    | Learned a level 3 spell: Ozocubu's Armour
 31390 | Orc:2    | Entered Level 2 of the Orcish Mines
 31890 | Orc:2    | Found a staircase to the Elven Halls.
 32820 | Orc:2    | Offered knowledge of Conjure Ball Lightning by Vehumet.
 32834 | Orc:2    | Learned a level 6 spell: Conjure Ball Lightning
 33205 | Orc:2    | Found Xasabbol's Book Boutique.
 33205 | Orc:2    | Found Lohirar's Distillery.
 33206 | Orc:2    | Found Ygirchigg's Assorted Antiques.
 33206 | Orc:2    | Found Fykhlosa's Antique Weapon Boutique.
 33224 | Orc:2    | Bought a potion of invisibility for 120 gold pieces
 33224 | Orc:2    | Bought a potion of haste for 150 gold pieces
 33224 | Orc:2    | Bought a potion of might for 60 gold pieces
 33226 | Orc:2    | Bought a pair of crude boots for 399 gold pieces
 33226 | Orc:2    | Identified the +0 pair of boots of Goyghir {Stlth+} (You
                  | bought it in a shop on level 2 of the Orcish Mines)
 33904 | D:10     | Killed RogueFanUK's ghost
 34086 | D:12     | Reached skill level 1 in Transmutations
 34791 | D:12     | Found a transporter.
 34932 | D:12     | Found a transporter.
 36058 | D:12     | Reached skill level 5 in Staves
 36246 | D:13     | Reached skill level 5 in Evocations
 36247 | D:13     | Offered knowledge of Iskenderun's Battlesphere by Vehumet.
 36372 | D:13     | Reached XP level 16. HP: 120/120 MP: 28/31
 36634 | D:13     | Found a gate to the Vaults.
 37694 | D:13     | Found a runed translucent door.
 38402 | D:13     | Found the +2 cloak of the Thief {*Fog Slay-2 SInv Stlth+}
 38402 | D:13     | Identified the +1 chain mail "Hoicathriorgh" {rF+ Str+2}
 38414 | D:13     | Reached skill level 5 in Transmutations
 38581 | D:13     | Identified the amulet of Suasacus {Reflect Rampage rN++
                  | MP+9 Str-5 SH+5}
 39405 | D:14     | Found a blossoming altar of Fedhas.
 39435 | D:14     | Noticed Josephine
 39442 | D:14     | Killed Josephine
 40312 | D:15     | Entered Level 15 of the Dungeon
 40326 | D:15     | Found a frozen archway.
 40403 | IceCv    | Entered an ice cave
 40407 | IceCv    | Reached skill level 10 in Fighting
 41121 | IceCv    | Noticed a golden dragon
 41770 | IceCv    | Identified the amulet "Iskuileg" {Reflect Fly Dex+4 SH+5}
 41773 | IceCv    | Identified the ring of Ohennaca {rF+ rN+ Will+ Dex-2
                  | Stlth+}
 41848 | D:15     | Noticed Nessos
 41855 | D:15     | HP: 3/122 [meliai (5)]
 41863 | D:15     | HP: 6/122 [spore (6)]
 42257 | D:15     | Noticed Agnes
 43036 | D:15     | Found a staircase to the Depths.
 43396 | D:15     | Found Nonn's Distillery.
 43405 | D:15     | Bought a potion of curing for 48 gold pieces
 43405 | D:15     | Bought a potion of haste for 160 gold pieces
 43457 | D:15     | Killed Agnes
 43458 | D:15     | Reached XP level 17. HP: 73/129 MP: 31/32
 43657 | D:15     | Found an ancient bone altar of Kikubaaqudgha.
 44085 | Elf:1    | Entered Level 1 of the Elven Halls
 44424 | Elf:1    | Reached skill level 10 in Dodging
 45070 | Elf:1    | Found a radiant altar of Vehumet.
 45937 | Elf:2    | Offered knowledge of Eringya's Noxious Bog by Vehumet.
 45960 | Elf:2    | Found Ussigg Task's Jewellery Boutique.
 46382 | Elf:2    | Found a huge runed translucent gate.
 46382 | Elf:2    | Found a huge runed translucent gate.
 46382 | Elf:2    | Found a huge runed translucent gate.
 46382 | Elf:2    | Found a huge runed translucent gate.
 46384 | Elf:2    | Found a huge runed translucent gate.
 46496 | Elf:2    | Noticed a deep elf blademaster
 46500 | Elf:2    | Reached skill level 15 in Conjurations
 47199 | Elf:2    | Killed a deep elf blademaster
 47792 | Elf:3    | Entered Level 3 of the Elven Halls
 48919 | Elf:3    | Got the Disquisition on the Supportive Voyage
 48928 | Elf:3    | Learned a level 7 spell: Ozocubu's Refrigeration
 49467 | Elf:3    | Reached XP level 18. HP: 138/138 MP: 34/34
 49467 | Elf:3    | Noticed an Ice Fiend
 49495 | Elf:3    | Noticed a deep elf blademaster
 49706 | Elf:3    | Killed a deep elf blademaster
 49707 | Elf:3    | Reached skill level 10 in Transmutations
 49881 | Elf:3    | Identified the +12 falchion of Ymikhlid {antimagic, Fly}
 49918 | Elf:3    | Identified the +5 ring mail "Toemuceoh" {Harm rF+}
 49918 | Elf:3    | Noticed a deep elf blademaster
 50108 | Elf:3    | Noticed a deep elf master archer
 50379 | Elf:3    | Killed a deep elf blademaster
 50475 | Elf:3    | Killed a deep elf master archer
 51076 | Elf:3    | Got the Collected Works on Conjuration
 51083 | Elf:3    | Got the Incunabulum of the Entourage
 51093 | Elf:3    | Found the +6 arbalest "Damnation" {damnation}
 51094 | Elf:3    | Got the Tome of the Traveller and Evil Rites
 51109 | Elf:3    | Identified the +5 chain mail of Golden Salvation {Fly}
 51110 | Elf:3    | Upgraded the game from 0.27-a0-1502-g47ed6a6988 to
                  | 0.27-a0-1525-g1038ab4fd7
 51238 | Orc:2    | Bought an Inescapable Atlas for 544 gold pieces
 51248 | Orc:2    | Learned a level 7 spell: Storm Form
 51545 | Shoals:1 | Entered Level 1 of the Shoals
 51545 | Shoals:1 | Noticed Jorgrun
 51553 | Shoals:1 | Killed Jorgrun
 51565 | Shoals:1 | Offered knowledge of Orb of Destruction by Vehumet.
 52327 | Shoals:1 | Found Kecrur's Merfolk Weapons.
 52327 | Shoals:1 | Found Kecrur's Visitors' Centre.
 52341 | Shoals:1 | Found Kecrur's Merfolk Armours.
 52341 | Shoals:1 | Found Kecrur's Merfolk Magic.
 53619 | Shoals:2 | Noticed Roxanne
 53845 | Shoals:2 | Reached ****** piety under Vehumet
 53848 | Shoals:2 | Reached XP level 19. HP: 123/146 MP: 36/36
 53858 | Shoals:2 | Offered knowledge of Bolt of Magma by Vehumet.
 54993 | Shoals:3 | Reached skill level 1 in Unarmed Combat
 55385 | Shoals:3 | Found a runed translucent gate.
 55385 | Shoals:3 | Found a runed translucent gate.
 55385 | Shoals:3 | Found a runed translucent gate.
 55454 | Shoals:3 | Noticed Feicog's ghost (adept MiBe)
 55562 | Shoals:3 | Identified the +0 cloak "Qievvuj" {Harm Fly}
 55746 | Shoals:3 | Killed Feicog's ghost
 56076 | Shoals:4 | Entered Level 4 of the Shoals
 57177 | Shoals:4 | Got a barnacled rune of Zot
 57195 | Shoals:4 | Found a shimmering altar of Xom.
 57614 | Shoals:4 | Offered knowledge of Iron Shot by Vehumet.
 57999 | Shoals:4 | Identified the +1 robe of Xesox {Str+4}
 58219 | Snake:1  | Entered Level 1 of the Snake Pit
 58219 | Snake:1  | Found Ilalaace's Book Shop.
 59807 | Snake:2  | Noticed Nikola
 59810 | Snake:2  | Reached XP level 20. HP: 155/155 MP: 8/37
 59817 | Snake:2  | Killed Nikola
 60291 | Snake:3  | Offered knowledge of Lehudib's Crystal Spear by Vehumet.
 60291 | Snake:3  | Offered knowledge of Fire Storm by Vehumet.
 60291 | Snake:3  | Offered knowledge of Maxwell's Capacitive Coupling by
                  | Vehumet.
 61555 | Snake:4  | Entered Level 4 of the Snake Pit
 62317 | Snake:4  | Reached skill level 5 in Unarmed Combat
 62317 | Snake:4  | Reached skill level 15 in Ice Magic
 62746 | Snake:4  | Reached XP level 21. HP: 163/163 MP: 39/39
 63050 | Snake:4  | Got a serpentine rune of Zot
 63536 | Vaults:1 | Entered Level 1 of the Vaults
 64063 | Vaults:1 | Reached skill level 15 in Spellcasting
 64578 | Vaults:1 | Noticed Saint Roka
 64588 | Vaults:1 | Killed Saint Roka
 64993 | Vaults:1 | Found Xyqelyti's General Store.
 65384 | Vaults:1 | Noticed Asterion
 65384 | Vaults:1 | Noticed Aizul
 65391 | Vaults:1 | Killed Asterion
 65395 | Vaults:1 | Killed Aizul
 66004 | Vaults:2 | Found a flickering gateway to a bazaar.
 66025 | Bazaar   | Entered a bazaar
 66025 | Bazaar   | Found Laogogh's Distillery.
 66025 | Bazaar   | Found Boakiere's Armour Emporium.
 66025 | Bazaar   | Found Hiwoxic's Jewellery Shop.
 66025 | Bazaar   | Found Mienor's Armour Shoppe.
 66026 | Bazaar   | Found Abon's Jewellery Shoppe.
 66109 | Bazaar   | Bought the +2 cloak "Bynkiwke" {Int+2} for 282 gold pieces
 66120 | Bazaar   | Bought the ring "Ytept" {Fly rC+ AC+4 Int+3} for 584 gold
                  | pieces
 66120 | Bazaar   | Bought a ring of resist corrosion for 200 gold pieces
 66126 | Bazaar   | Bought a potion of mutation for 80 gold pieces
 66126 | Bazaar   | Bought a potion of attraction for 30 gold pieces
 66126 | Bazaar   | Bought a potion of cancellation for 80 gold pieces
 66126 | Bazaar   | Bought a potion of brilliance for 40 gold pieces
 66126 | Bazaar   | Bought a potion of heal wounds for 50 gold pieces
 66126 | Bazaar   | Bought a potion of resistance for 100 gold pieces
 66126 | Bazaar   | Bought a potion of curing for 30 gold pieces
 66126 | Bazaar   | Bought a potion of attraction for 30 gold pieces
 66126 | Bazaar   | Bought a potion of mutation for 80 gold pieces
 66392 | Vaults:2 | Found a staircase to the Crypt.
 66392 | Vaults:2 | Found a basalt altar of Yredelemnul.
 66392 | Vaults:2 | Found an ancient bone altar of Kikubaaqudgha.
 66482 | Vaults:2 | Reached XP level 22. HP: 160/172 MP: 23/41
 68571 | Vaults:3 | Reached skill level 15 in Transmutations
 70061 | Vaults:4 | Reached XP level 23. HP: 148/179 MP: 43/43
 70977 | Vaults:4 | Noticed Donald
 70983 | Vaults:4 | Killed Donald
 71960 | Vaults:5 | Entered Level 5 of the Vaults
 71960 | Vaults:5 | Noticed Xtahua
 71964 | Vaults:5 | Killed Xtahua
 71965 | Vaults:5 | Reached skill level 15 in Fighting
 71965 | Vaults:5 | Reached skill level 5 in Stealth
 71983 | Vaults:5 | Noticed a dread lich
 72274 | Vaults:5 | Paralysed by something for 2 turns
 72275 | Vaults:5 | Noticed Mara
 72352 | Vaults:5 | Found the +9 sword of Zonguldrok {reap}
 72366 | Vaults:5 | Reached XP level 24. HP: 59/188 MP: 34/43
 72388 | Vaults:5 | Noticed an ancient lich
 72395 | Vaults:5 | Identified the +9 flail "Wiporyot" {vorpal, rElec Stlth+}
 72436 | Vaults:5 | Noticed a dread lich
 72702 | Vaults:4 | Learned a level 6 spell: Simulacrum
 72712 | Vaults:4 | Learned a level 8 spell: Maxwell's Capacitive Coupling
 73123 | Vaults:4 | Killed a dread lich
 73350 | Vaults:5 | Identified the +9 halberd "Embalmer" {freeze, rN+ SInv
                  | Stlth+}
 73366 | Vaults:4 | Killed a dread lich
 74266 | Vaults:5 | Identified the +4 rapier "Ledghus" {vorpal, +Blink rPois
                  | MP+9 Str-5}
 75234 | Vaults:4 | Reached skill level 10 in Unarmed Combat
 75706 | Vaults:5 | Killed an ancient lich
 76264 | Vaults:5 | Noticed Anon1729's illusion
 76270 | Vaults:5 | Killed Mara
 76454 | Vaults:5 | Identified the ring of Sunlight {Drain rPois rC+ rCorr
                  | SInv}
 76536 | Vaults:5 | Identified the ring of Ytuas {rCorr Str+6 Int+4 Stlth-}
 76552 | Vaults:5 | Found Wamian's Jewellery Emporium.
 76915 | Vaults:5 | Got a silver rune of Zot
 77137 | Vaults:5 | Got the Handbook of Moulding
 77538 | Slime:1  | Entered Level 1 of the Pits of Slime
 77542 | Slime:1  | Reached XP level 25. HP: 197/197 MP: 43/43
 77599 | Slime:1  | Gained mutation: You are partially covered in iridescent
                  | scales. (AC +2) [a shining eye]
 77604 | Slime:1  | Reached skill level 15 in Dodging
 79869 | Slime:5  | Entered Level 5 of the Pits of Slime
 80101 | Slime:5  | Noticed the Royal Jelly
 80495 | Slime:5  | Found a viscous altar of Jiyva.
 80498 | Slime:5  | Found the +5 demon whip "Spellbinder" {antimagic, Will+}
 80500 | Slime:5  | Found the +0 mask of the Dragon {Will+ Slay+3 SInv}
 80856 | Slime:5  | Killed the Royal Jelly
 80922 | Slime:5  | Identified the +5 ring mail of the King of the Hill
                  | {*Corrode rF+ Str+3 Stlth+}
 81005 | Slime:5  | Got a slimy rune of Zot
 81042 | Slime:5  | Identified the +3 helmet "Feequrr" {rN+}
 81660 | Crypt:1  | Entered Level 1 of the Crypt
 81671 | Crypt:1  | Identified a scroll of acquirement
 81699 | Crypt:1  | Acquired the Incunabulum of Frigorific Venom
 81789 | Crypt:1  | Noticed Mennas
 81794 | Crypt:1  | Killed Mennas
 82606 | Crypt:2  | Noticed Jory
 82610 | Crypt:2  | Killed Jory
 83897 | Crypt:3  | Entered Level 3 of the Crypt
 83961 | Crypt:3  | Reached XP level 26. HP: 191/208 MP: 44/44
 84787 | Crypt:3  | Found a staircase to the Tomb.
 85513 | Crypt:3  | Noticed Frederick
 85517 | Crypt:3  | Found a basalt altar of Yredelemnul.
 85530 | Crypt:3  | Killed Frederick
 85946 | Crypt:3  | Identified the +1 acid dragon scales "Yruetoh" {rCorr
                  | Dex+2}
 86001 | Crypt:3  | Noticed an ancient lich
 86570 | Crypt:3  | Killed an ancient lich
 86571 | Crypt:3  | Reached skill level 10 in Stealth
 87253 | Crypt:3  | Got the Catalogue of Darkness
 87470 | Vaults:1 | Learned a level 9 spell: Polar Vortex
 87655 | Depths:1 | Entered Level 1 of the Depths
 87940 | Depths:1 | Found a one-way gate to the infinite horrors of the Abyss.
 88026 | Depths:1 | Found a one-way gate leading to the halls of Pandemonium.
 88510 | Depths:1 | Found a gateway to Hell.
 88736 | Depths:1 | Reached XP level 27. HP: 180/219 MP: 44/44
 90471 | Depths:2 | Identified the +0 plate armour "Taafin" {rF+ SInv}
 90996 | Depths:3 | Found a transporter.
 91199 | Depths:3 | Identified the +1 dagger of Causality {elec, Int+5 Dex+3}
 91224 | Depths:3 | Noticed Margery
 91233 | Depths:3 | Killed Margery
 91355 | Depths:3 | Paralysed by a floating eye for 2 turns
 91411 | Depths:3 | Found a transporter.
 91704 | Depths:3 | Found a gateway to a ziggurat.
 92097 | Depths:4 | Found Zooqoib's Book Emporium.
 92102 | Depths:4 | Bought a manual of Air Magic for 1520 gold pieces
 93223 | Depths:5 | Entered Level 5 of the Depths
 93597 | Depths:5 | Found a gate to the Realm of Zot.
 94412 | Hell     | Entered the Vestibule of Hell
 94412 | Hell     | Noticed Geryon
 94420 | Hell     | Killed Geryon
 94791 | Depths:3 | Gained mutation: Your spells are a little easier to cast,
                  | but a little less powerful. [mutagenic glow]
 94806 | Depths:3 | Gained mutation: Your body sometimes deteriorates upon
                  | taking damage. [mutagenic glow]
 94810 | Depths:3 | Identified the ring of Pauguf {Ice rPois Int+4}
 94813 | Depths:3 | Identified the ring "Zyboutz" {Wiz rC- rCorr Dex+3}
 94818 | Depths:3 | Identified the ring of Balance {Ice *Corrode Fly Int+8
                  | Dex-2}
 94818 | Depths:3 | Gained mutation: You are weak. (Str -2) [mutagenic glow]
 94820 | Depths:3 | Identified the ring of Hospitality {*Corrode Str+2 Int+5
                  | Dex+3 SInv}
 95549 | Hell     | Found a gateway to the freezing wastes of Cocytus.
 95630 | Hell     | Found a gateway to the decaying netherworld of Tartarus.
 95732 | Hell     | Found a gateway to the ashen valley of Gehenna.
 95788 | Hell     | Found a gateway to the Iron City of Dis.
 95945 | Geh:1    | Entered Level 1 of Gehenna
 96527 | Geh:3    | Reached skill level 15 in Unarmed Combat
 97693 | Geh:7    | Entered Level 7 of Gehenna
 98375 | Geh:7    | Identified the ring "Qemonuin" {Int+4 Dex+6}
 98376 | Geh:7    | Identified the +7 shortbow "Boinub" {freeze, rElec Str+2}
 98903 | Geh:7    | Found the +7 sceptre of Asmodeus
 98903 | Geh:7    | Noticed Asmodeus
 98915 | Geh:7    | Identified the ring of Ivas Igg {rPois rC+ rN+}
 98946 | Geh:7    | Lost mutation: Your body sometimes deteriorates upon taking
                  | damage. [potion of mutation]
 98946 | Geh:7    | Lost mutation: You are partially covered in iridescent
                  | scales. (AC +2) [potion of mutation]
 98946 | Geh:7    | Gained mutation: You passively dampen the noise of your
                  | surroundings. [potion of mutation]
 98946 | Geh:7    | Gained mutation: You expend magic power (3 MP) to
                  | strengthen your wands. [potion of mutation]
 98947 | Geh:7    | Lost mutation: You are weak. (Str -2) [potion of mutation]
 98947 | Geh:7    | Lost mutation: You expend magic power (3 MP) to strengthen
                  | your wands. [potion of mutation]
 98947 | Geh:7    | Gained mutation: You expend magic power (3 MP) to
                  | strengthen your wands. [potion of mutation]
 98947 | Geh:7    | Gained mutation: Your skin changes colour to match your
                  | surroundings (Stealth+). [potion of mutation]
 98947 | Geh:7    | Gained mutation: You have a pair of small antennae on your
                  | head. [potion of mutation]
 98948 | Geh:7    | Lost mutation: You passively dampen the noise of your
                  | surroundings. [potion of mutation]
 98948 | Geh:7    | Lost mutation: You expend magic power (3 MP) to strengthen
                  | your wands. [potion of mutation]
 98948 | Geh:7    | Gained mutation: You are frail. (-10% HP) [potion of
                  | mutation]
 98948 | Geh:7    | Gained mutation: You are agile. (Dex +2) [potion of
                  | mutation]
 98948 | Geh:7    | Lost mutation: Your spells are a little easier to cast, but
                  | a little less powerful. [potion of mutation]
 99407 | Geh:7    | Got an obsidian rune of Zot
 99501 | Zot:1    | Entered Level 1 of the Realm of Zot
100559 | Zot:2    | Lost mutation: You have a pair of small antennae on your
                  | head. [potion of mutation]
100559 | Zot:2    | Lost mutation: Your skin changes colour to match your
                  | surroundings (Stealth+). [potion of mutation]
100559 | Zot:2    | Lost mutation: You are frail. (-10% HP) [potion of
                  | mutation]
100559 | Zot:2    | Gained mutation: You possess an exceptional clarity of
                  | mind. [potion of mutation]
100559 | Zot:2    | Gained mutation: You have a pair of small horns on your
                  | head. [potion of mutation]
100559 | Zot:2    | Gained mutation: Your muscles are strong. (Str +2) [potion
                  | of mutation]
100951 | Zot:2    | Identified the +0 robe of Fashionability {Will++ SInv
                  | Stlth-}
101249 | Zot:2    | Noticed an orb of fire
101256 | Zot:2    | Gained mutation: You sometimes lose the ability to read
                  | scrolls when taking damage. [an orb of fire]
101258 | Zot:2    | Killed an orb of fire
103179 | Zot:3    | Identified the ring of Munkeud {rC+ rN+ Dex+3}
103663 | Zot:5    | Entered Level 5 of the Realm of Zot
103663 | Zot:5    | Found an ornate altar of the Wu Jian Council.
104248 | Zot:5    | Found a radiant altar of Vehumet.
104478 | Zot:5    | Reached skill level 15 in Stealth
104488 | Zot:5    | Noticed an orb of fire
104490 | Zot:5    | Noticed an orb of fire
104490 | Zot:5    | Noticed an ancient lich
104492 | Zot:5    | Noticed an orb of fire
104492 | Zot:5    | Noticed an ancient lich
104493 | Zot:5    | Lost mutation: Your muscles are strong. (Str +2) [an orb of
                  | fire]
104493 | Zot:5    | Noticed an ancient lich
104493 | Zot:5    | Gained mutation: Your body sometimes deteriorates upon
                  | taking damage. [an orb of fire]
104735 | Zot:5    | Killed an orb of fire
104741 | Zot:5    | Noticed a dread lich
104746 | Zot:5    | Killed an orb of fire
104747 | Zot:5    | Paralysed by a dread lich for 3 turns
104753 | Zot:5    | Killed an orb of fire
104755 | Zot:5    | Killed a dread lich
104929 | Zot:5    | Killed an ancient lich
104931 | Zot:5    | Noticed a dread lich
104946 | Zot:5    | Killed a dread lich
104983 | Zot:5    | Noticed a dread lich
104989 | Zot:5    | Killed a dread lich
104994 | Zot:5    | Killed an ancient lich
105343 | Zot:5    | Killed an ancient lich
105375 | Zot:5    | Noticed an ancient lich
105380 | Zot:5    | Noticed a dread lich
105385 | Zot:5    | Killed an ancient lich
105839 | Zot:5    | Killed a dread lich
106577 | Zig:1    | Entered Level 1 of a ziggurat
106577 | Zig:1    | Noticed Vaulle the pandemonium lord
106587 | Zig:1    | Killed Vaulle the pandemonium lord
106600 | Zig:2    | Entered Level 2 of a ziggurat
106676 | Zig:3    | Entered Level 3 of a ziggurat
106705 | Zig:4    | Entered Level 4 of a ziggurat
106729 | Zig:5    | Entered Level 5 of a ziggurat
106746 | Zig:6    | Entered Level 6 of a ziggurat
106774 | Zig:7    | Entered Level 7 of a ziggurat
106797 | Zig:7    | Identified the +5 mace of Ifyex {freeze, Contam *Noise
                  | rPois Str+7 Dex+4}
106812 | Zig:7    | Identified the +2 leather armour of the Hidden Beds
                  | {Rampage Fly Str-2 Int+6}
106817 | Zig:8    | Entered Level 8 of a ziggurat
106845 | Zig:9    | Entered Level 9 of a ziggurat
106852 | Zig:9    | Found the ring of Shadows {Umbra +Inv Stlth+}
106872 | Zig:9    | Identified the +8 spear "Vofreuj" {flame, rCorr Stlth+}
106907 | Zig:9    | Learned a level 5 spell: Silence
106910 | Zig:10   | Entered Level 10 of a ziggurat
106954 | Zig:10   | Identified the +4 war axe of Temperance {vorpal, rPois
                  | Str+5}
107081 | Zig:11   | Entered Level 11 of a ziggurat
107087 | Zig:11   | Noticed a dread lich
107096 | Zig:11   | Reached skill level 1 in Necromancy
107096 | Zig:11   | Killed a dread lich
107097 | Zig:11   | Reached skill level 10 in Evocations
107225 | Zig:12   | Entered Level 12 of a ziggurat
107233 | Zig:12   | Found the +9 scales of the Dragon King {rPois rF+ rC+
                  | Will+}
107388 | Zig:12   | Identified the +7 rapier of Tymp {holy, Int+2}
107465 | Zig:13   | Entered Level 13 of a ziggurat
107500 | Zig:13   | Identified the +1 leather armour of the Armoured One {Will+
                  | Regen+ Int+3}
107511 | Zig:13   | Identified the +1 ice dragon scales of Rationality {Rampage
                  | rF- rC++ Will++ Regen+ Slay-5}
107736 | Zig:14   | Entered Level 14 of a ziggurat
107742 | Zig:14   | Noticed Zycouta's ghost (legendary DrTm)
107745 | Zig:14   | Noticed Riogip's ghost (legendary DEFE)
107761 | Zig:14   | Killed Riogip's ghost
107770 | Zig:14   | Killed Zycouta's ghost
108257 | Zig:14   | Lost mutation: You sometimes lose the ability to read
                  | scrolls when taking damage. [potion of mutation]
108257 | Zig:14   | Lost mutation: Your body sometimes deteriorates upon taking
                  | damage. [potion of mutation]
108257 | Zig:14   | Lost mutation: You have a pair of small horns on your head.
                  | [potion of mutation]
108257 | Zig:14   | Gained mutation: Your flesh is cold resistant. (rC+)
                  | [potion of mutation]
108257 | Zig:14   | Gained mutation: You are very agile. (Dex +4) [potion of
                  | mutation]
108267 | Zig:15   | Entered Level 15 of a ziggurat
108296 | Zig:15   | Identified the +7 flail of Parts Unknown {holy, rC+ rN+
                  | SInv}
108415 | Zig:16   | Entered Level 16 of a ziggurat
108425 | Zig:16   | Reached skill level 5 in Necromancy
108454 | Zig:16   | Identified the amulet "Qurugal" {Acrobat Fragile rN+ Dex+3}
108487 | Zig:17   | Entered Level 17 of a ziggurat
108491 | Zig:17   | Noticed an orb of fire
108492 | Zig:17   | Noticed an orb of fire
108493 | Zig:17   | Noticed an orb of fire
108494 | Zig:17   | Noticed an orb of fire
108494 | Zig:17   | Noticed an orb of fire
108494 | Zig:17   | Gained mutation: Armour fits poorly on your strangely
                  | shaped body. [an orb of fire]
108498 | Zig:17   | Killed from afar by an orb of fire

Illustrated notes

Levels and vault maps discovered:
D:1:      evilmike_arrival_crescent, layout_rooms
D:2:      layout_basic, minmay_misc_feat_four_crosses, skrybe_limestone_x,
          uniq_terence, uniq_natasha, uniq_crazy_yiuf_cottage
D:3:      layout_rooms, zin_scriptorium, hellmonk_ecumenical_altar_leap_of_faith
D:4:      layout_loops_ring, ashenzari_altar_1, minmay_temple_entry_wispy,
          kennysheep_small_square
D:5:      layout_cave_pods, serial_shops, shop_coins, serial_bayou_crossing
D:6:      layout_cave_pools, xom_teletrap_fun, tgw_kikubaaqudgha,
          grunt_potential
D:7:      layout_rooms, serial_shops, shop_fountains
D:8:      layout_layer_cave, gammafunk_ghost_split, minmay_alternating_orb
D:9:      minmay_razor_zed, layout_stronghold, kennysheep_generic_room_8
D:10:     layout_basic, mainiacjoe_overflow_tiny_flanked,
          mainiacjoe_overflow_swirl, mainiacjoe_overflow_six_doors_small,
          david_orc_3, ebering_ghost_funeral_grove,
          kennysheep_decorative_pillar, uniq_fannar
D:11:     layout_roguey, due_lair_maze_entry_diamond
D:12:     gammafunk_beogh_shrine, layout_long_grid, grunt_ministairs_3
D:13:     minmay_the_grid_triangle_9x9_recursive_3
          [minmay_the_grid_triangle_9x9_zippers_horizontal,
          minmay_the_grid_triangle_9x9_semitri,
          minmay_the_grid_triangle_9x9_dagger,
          minmay_the_grid_triangle_9x9_prize_schism,
          minmay_the_grid_triangle_9x9_subtriangle,
          minmay_the_grid_triangle_9x9_sprig,
          minmay_the_grid_triangle_9x9_empty,
          minmay_the_grid_triangle_9x9_warning,
          minmay_the_grid_triangle_9x9_swiss_cheese], layout_basic,
          david_vaults_4
D:14:     layout_irregular_city, fedhas_altar_3, uniq_josephine
D:15:     grunt_enter_depths_giant_problem, layout_loops_cross,
          kiku_gazebo_pond_becter, portal_ice_cave_entry_pillars_four,
          serial_shops, shop, uniq_nessos, uniq_agnes
Temple:   dpeg_chambers_temple
Lair:1:   layout_roguey, minmay_lair_oklob_items, minmay_stone_trees_small,
          uniq_sonja
Lair:2:   layout_long_grid, shoals_dummy_entry, grunt_megastairs_3,
          infiniplex_staircase_pool, uniq_erica
Lair:3:   layout_chaotic_city
Lair:4:   layout_cave_pods, minmay_snake_entry_six_corridors, enter_volcano_3,
          infiniplex_staircase_pool_2, minmay_lair_oklob_chamber,
          serial_bayou_shore_b, uniq_kirke
Lair:5:   layout_regular_city, slime_altar_1
Lair:6:   grunt_lair_end_beastmaster, layout_cave_pods
Shoals:1: nicolae_shoals_mermall, layout_shoals, uniq_jorgrun
Shoals:2: layout_shoals, uniq_roxanne
Shoals:3: layout_shoals, gammafunk_ghost_necromancy
Shoals:4: shoals_end_simple, layout_shoals, lemuel_altar_in_water
Snake:1:  layout_cave_shapes, serial_shops, shop
Snake:2:  layout_rooms, grunt_megastairs_4, uniq_nikola
Snake:3:  layout_misc_corridors, serial_bayou_ford_a, lemuel_fruit_tree,
          serial_bayou_shore_b
Snake:4:  snake_pit, layout_misc_corridors
Slime:1:  layout_caves
Slime:2:  layout_caves
Slime:3:  layout_caves
Slime:4:  cheibrodos_slime_lost_civilization_9, layout_caves
Slime:5
Orc:1:    layout_diamond_mine
Orc:2:    st_orc_ogre_mass, layout_caves, nicolae_orc_lava_tube
Elf:1:    layout_geoelf_diagonals, basic_altar, kennysheep_underground_church
Elf:2:    layout_loops_cross, serial_shops, nicolae_lakefront_shop,
          item_on_display_a
Elf:3:    minmay_elf_hall_x, layout_gridlike, guppyfry_library_mini
Vaults:1: v_alt_pattern_1, hangedman_vaults_variations,
          grunt_vaults_hallway_short, v_misc_14, v_rooms_6,
          nicolae_vaults_puzzle_piece, ontoclasm_vaults_gateway, v_pattern_5,
          vaults_room_grunt_arrival_checkpoint, layout_vaults_omnigrid,
          serial_shops, shop, uniq_saint_roka, uniq_asterion, uniq_aizul
Vaults:2: nicolae_vaults_network_quincunx
          [nicolae_vaults_network_quincunx_subvault,
          nicolae_vaults_network_quincunx_subvault,
          nicolae_vaults_network_quincunx_subvault,
          nicolae_vaults_network_quincunx_subvault,
          nicolae_vaults_network_quincunx_subvault],
          nicolae_vaults_ninety_degrees, ontoclasm_vaults_idyll,
          ontoclasm_vaults_chip, nicolae_vaults_yaktaur_gun_rack, st_lattice,
          nicolae_vaults_windows_and_doors_thing, v_misc_2,
          vaults_room_stairs_pillars, ontoclasm_vaults_claustrophobia,
          minmay_crypt_entry_necro_gods, ontoclasm_vaults_ligature,
          ontoclasm_vaults_tryst, v_misc_25, layout_vaults_omnicross,
          serial_shops, bzr_entry_lakeside
Vaults:3: nicolae_vaults_asterisk, ontoclasm_vaults_ring_square,
          nicolae_vaults_network_star, v_misc_25, nicolae_vaults_circle_grid_a,
          nicolae_vaults_mini_display_case, vaults_mumra_hexcomb,
          vaults_room_boxed, nicolae_vaults_border_crossing,
          vaults_room_octagon, nicolae_vaults_back_hallway,
          vaults_room_stairs_pillars, v_misc_1, vaults_dpeg_encased_lava,
          layout_vaults_maze_snakey
Vaults:4: v_misc_28, nicolae_vaults_asterisk, hangedman_vaults_trim, v_misc_11,
          vaults_dpeg_doors, nicolae_vaults_little_squares_2,
          vaults_standard_mumra_x, grunt_vaults_diagonal,
          nicolae_vaults_minivaults, v_alt_pattern_3,
          nicolae_vaults_twisting_passages, v_misc_24, v_misc_1,
          layout_vaults_omnibox, uniq_donald
Vaults:5: serial_shops, uniq_mara, uniq_xtahua
Crypt:1:  layout_chaotic_city, uniq_mennas
Crypt:2:  layout_basic, uniq_jory
Crypt:3:  church_of_pain_bobbens, layout_chaotic_city,
          nicolae_tomb_entry_rubble_hallway, uniq_frederick
Depths:1: layout_gridlike, abyss_entry_crystal, chequers_serial_rivers_micro_a,
          grunt_hell_entry_dis_grunt, grunt_pan_entry_zigzag, wad_scary_box
Depths:2: minmay_connected_triangles_in_corner, layout_small_grid,
          grunt_decor_fettered, grunt_mini_vestibule, minmay_swirly_circle
Depths:3: gammafunk_its_a_trap, layout_cave_shapes, enter_ziggurat_a,
          rand_demon_pan_entry_5, kennysheep_boxes, hell_entry, grunt_decor_cap,
          corner_web_ring, infiniplex_staircase_hallway_doors, uniq_margery
Depths:4: cheibrodos_quadrivalence, layout_honeycomb, pan_entry,
          pf_hell_entry_tar_river, serial_shops, shop,
          chequers_serial_rivers_micro_e, abyss_entry_glasseish
Depths:5: grunt_x_marks_the_spot, layout_cave_pools, hell_entry,
          hangedman_decor_push, abyss_entry, pan_entry, hangedman_decor_opposing
Hell
Geh:1:    layout_gehenna_lava_caves
Geh:2:    layout_gehenna_pools_basic
Geh:3:    layout_gehenna_lava_caves
Geh:4:    layout_gehenna_lava_caves
Geh:5:    layout_gehenna_lava_caves
Geh:6:    layout_gehenna_pools_basic
Geh:7:    evilmike_geh
Zot:1:    layout_gridville
Zot:2:    kennysheep_room_grid, layout_gridlike
Zot:3:    layout_misc_corridors, hangedman_zot_decor_unnerving_road,
          st_large_dragon_hoard_4, lemuel_elevator
Zot:4:    layout_misc_corridors
Zot:5:    layout_gridville, grunt_ministairs_9, st_stairs_1,
          hangedman_feature_mirror, lemuel_flame_loot_1
Zig:17

Skill      XL: |  1  2  3  4  5  6  7  8  9 10 11 12 13 14 15 16 17 18 19 20 21 22 23 24 25 26 27 |
---------------+----------------------------------------------------------------------------------+-----
Stealth        | 2 3 5 7 9 10 17 | 17.0
Conjurations   | 2 3 4 6 7 9 10 11 12 13 14 15 16 17 | 17.7
Air Magic      | 4 5 6 8 9 11 12 13 14 15 16 17 18 19 20 24 | 24.6
Spellcasting   | 3 4 5 6 7 8 9 10 11 12 13 14 15 16 17 22 | 22.8
Ice Magic      | 2 4 6 7 9 10 11 12 13 14 15 16 17 19 20 23 | 23.0
Staves         | 2 3 5 |  5.0
Evocations     | 2 3 5 11 | 11.5
Fighting       | 4 6 8 9 10 11 12 13 14 15 17 18 24 | 24.3
Dodging        | 4 6 7 8 9 10 11 12 13 14 15 16 21 | 21.2
Armour         | 2 |  2.0
Transmutations | 3 7 9 11 12 13 14 15 16 17 21 | 21.1
Unarmed Combat | 3 5 6 7 9 10 11 12 21 | 21.7
Necromancy     | 5 |  5.4

Action                   |  1- 3 |  4- 6 |  7- 9 | 10-12 | 13-15 | 16-18 | 19-21 | 22-24 | 25-27 || total
-------------------------+-------+-------+-------+-------+-------+-------+-------+-------+-------++-------
Melee: Unarmed           |    40 |       |       |       |       |    14 |   298 |   279 |  1618 ||  2249
       Dagger            |    18 |   139 |   188 |       |       |       |       |       |       ||   345
       Staff             |       |       |     3 |    95 |    19 |     8 |    21 |    33 |   114 ||   293
       Punch             |       |       |       |       |       |       |     3 |     2 |    59 ||    64
       Headbutt          |       |       |       |       |       |       |       |       |     2 ||     2
 Cast: Shock             |    56 |    24 |    48 |    57 |     6 |     3 |       |       |       ||   194
       Airstrike         |       |       |    66 |   196 |   524 |   625 |   179 |    12 |    97 ||  1699
       Static Discharge  |       |       |     6 |     3 |    13 |       |       |       |       ||    22
       Freezing Cloud    |       |       |       |    30 |    64 |    76 |    42 |     7 |     3 ||   222
       Swiftness         |       |       |       |     1 |     2 |     1 |       |       |     1 ||     5
       Lightning Bolt    |       |       |       |       |    11 |    13 |    20 |     5 |     8 ||    57
       Hailstorm         |       |       |       |       |     6 |     2 |       |       |       ||     8
       Conjure Ball Ligh |       |       |       |       |     4 |    24 |     7 |    27 |    52 ||   114
       Ozocubu's Armour  |       |       |       |       |     1 |     3 |     4 |     4 |     4 ||    16
       Ozocubu's Refrige |       |       |       |       |       |    19 |   204 |   111 |   211 ||   545
       Storm Form        |       |       |       |       |       |     9 |    50 |    43 |   158 ||   260
       Maxwell's Capacit |       |       |       |       |       |       |       |    33 |    28 ||    61
       Polar Vortex      |       |       |       |       |       |       |       |       |    76 ||    76
       Silence           |       |       |       |       |       |       |       |       |     1 ||     1
 Abil: Hop               |     2 |     2 |     9 |     7 |    10 |     7 |       |       |     1 ||    38
       Blinkbolt         |       |       |       |       |       |       |     3 |     7 |     8 ||    18
       End Transformatio |       |       |       |       |       |       |       |     2 |     3 ||     5
Evoke: Wand              |       |     2 |    11 |     5 |     7 |     3 |       |       |       ||    28
       Tin of tremorston |       |       |       |       |       |     1 |       |       |     1 ||     2
       Box of beasts     |       |       |       |       |       |       |     1 |     1 |     1 ||     3
       Condenser vane    |       |       |       |       |       |       |       |       |     1 ||     1
  Use: Scroll            |       |       |     5 |     7 |     8 |     9 |     7 |     8 |     8 ||    52
       Potion            |       |       |     3 |     1 |       |     3 |       |     5 |    15 ||    27
 Stab: Sleeping          |       |     2 |     3 |     1 |       |       |       |     2 |    14 ||    22
       Distracted        |       |       |       |       |       |       |     1 |       |     6 ||     7
       Petrifying        |       |       |       |       |       |       |       |       |     2 ||     2
       Petrified         |       |       |       |       |       |       |       |       |     1 ||     1
Armor: Robe              |    24 |    38 |    54 |    16 |    19 |    20 |    14 |    14 |    69 ||   268
       Skin              |       |       |     3 |       |       |     8 |    84 |   161 |   347 ||   603
       Troll leather arm |       |       |       |    70 |       |       |       |       |       ||    70
Dodge: Dodged            |    62 |   123 |   140 |   126 |    98 |   126 |   383 |   484 |  1631 ||  3173
Block: Other             |       |       |       |       |       |    22 |    82 |    99 |   255 ||   458
       Reflection        |       |       |       |       |       |     4 |    15 |    11 |     4 ||    34

Table legend: (Time is in decaauts)
 A = Elapsed time spent in this place.
 B = Non-inter-level travel time spent in this place.
 C = Inter-level travel time spent in this place.
 D = Time resting spent in this place.
 E = Time spent auto-exploring this place.
 F = Levels seen in this place.
 G = Mean time per level.
                   A        B        C        D        E       F      G
               +--------+--------+--------+--------+--------+-----+--------+
         Total | 115096 | 109783 |   5313 |  29107 |  64612 |  86 | 1338.3 |
       Dungeon |  29742 |  28590 |   1152 |   8838 |  16405 |  15 | 1982.8 |
        Temple |    334 |    282 |     52 |      0 |    280 |   1 |  334.0 |
          Lair |  13109 |  12209 |    900 |   3156 |   7958 |   6 | 2184.8 |
        Shoals |   6913 |   6715 |    198 |   1181 |   4785 |   4 | 1728.2 |
     Snake Pit |   5411 |   5317 |     94 |    962 |   3424 |   4 | 1352.8 |
    Slime Pits |   4134 |   3961 |    173 |    631 |   2660 |   5 |  826.8 |
  Orcish Mines |   2960 |   2768 |    192 |    666 |   1571 |   2 | 1480.0 |
   Elven Halls |   7679 |   7409 |    270 |   2150 |   4216 |   3 | 2559.7 |
        Vaults |  14837 |  13697 |   1140 |   3255 |   8618 |   5 | 2967.4 |
         Crypt |   5909 |   5707 |    202 |   1921 |   2925 |   3 | 1969.7 |
        Depths |   8016 |   7444 |    572 |    831 |   5550 |   5 | 1603.2 |
          Hell |    988 |    949 |     39 |    262 |    503 |   1 |  988.0 |
       Gehenna |   3248 |   3206 |     42 |   1279 |    616 |   7 |  464.0 |
           Zot |   7293 |   7013 |    280 |   1354 |   4539 |   5 | 1458.6 |
      Ziggurat |   1917 |   1917 |      0 |   1253 |      0 |  17 |  112.8 |
        Bazaar |    131 |    131 |      0 |      0 |     82 |   1 |  131.0 |
      Ice Cave |   1517 |   1517 |      0 |    800 |    325 |   1 | 1517.0 |
       Volcano |    951 |    951 |      0 |    563 |    149 |   1 |  951.0 |
               +--------+--------+--------+--------+--------+-----+--------+

Top non-repeatable levels by time:
Vaults:4: 5374 daAuts
     D:9: 3426 daAuts
   Elf:3: 3222 daAuts
   Elf:2: 3177 daAuts
    D:13: 3137 daAuts
  Lair:4: 3091 daAuts
     D:5: 3045 daAuts
Vaults:1: 2859 daAuts
Vaults:2: 2645 daAuts
  Lair:6: 2609 daAuts
 Crypt:2: 2583 daAuts
Shoals:3: 2539 daAuts
     D:1: 2468 daAuts
Vaults:5: 2329 daAuts
    D:12: 2327 daAuts
